 Dungeon Crawl Stone Soup version 0.20-a0-673-g53087c7 (webtiles) character file.

98 Laan the Caller (level 4, 30/30 HPs)
             Began as a Mummy Summoner on Feb 17, 2017.
             Quit the game on level 3 of the Dungeon on Feb 18, 2017.
             The game lasted 00:06:40 (3167 turns).

Laan the Caller (Mummy Summoner)                    Turns: 3167, Time: 00:06:41

Health: 30/30      AC:  3    Str: 11    XL:     4   Next: 43%
Magic:  10/10      EV: 12    Int: 15    God:
Gold:   96         SH:  0    Dex: 12    Spells: 7/11 levels left

rFire    x . .     SeeInvis .   k - +0 whip (freeze)
rCold    + . .     Gourm    .   n - +1 robe {Archmagi}
rNeg     + + +     Faith    .   (no shield)
rPois    ∞         Spirit   .   (no helmet)
rElec    .         Reflect  .   (no cloak)
rCorr    .         Harm     .   (no gloves)
MR       .....                  (no boots)
Stlth    ++........             (no amulet)
Regen    0.1/turn               (no ring)
MPRegen  0.2/turn               (no ring)

@: no status effects
A: no food or potions, fire vulnerability, cold resistance 1, negative energy
resistance 3, torment resistance, unbreathing
a: no special abilities


You were on level 3 of the Dungeon.
You were not hungry.

You visited 1 branch of the dungeon, and saw 3 of its levels.

You collected 96 gold pieces.

Inventory:

Hand Weapons
 k - a +0 whip of freezing (weapon)
Armour
 a - a +0 robe
 n - a +1 robe of the Archmagi (worn)
Wands
 i - a wand of enslavement (3/24)
Scrolls
 c - a scroll of fear {unknown}
 d - 5 scrolls of remove curse {unknown}
 e - 8 scrolls of identify {unknown}
 f - a scroll of immolation {unknown}
 g - a scroll of enchant armour {unknown}
 h - 3 scrolls of teleportation {unknown}
 j - a scroll of blinking {unknown}
 l - 2 scrolls of recharging {unknown}
 m - a scroll of amnesia {unknown}
Books
 b - a book of Callings

   Spells                             Type                      Level
   a - Summon Small Mammal            Summoning                    1
   b - Call Imp                       Summoning                    2
   c - Call Canine Familiar           Summoning                    3
   d - Summon Guardian Golem          Hexes/Summoning              3
   e - Summon Lightning Spire         Summoning/Air                4
   f - Summon Ice Beast               Ice/Summoning                4


   Skills:
 - Level 1.5 Dodging
 - Level 1.5 Stealth
 + Level 4.2 Spellcasting
 * Level 4.3 Summonings


You had 7 spell levels left.
You knew the following spells:

 Your Spells              Type           Power        Failure   Level  Hunger
a - Summon Small Mammal   Summ           ###.         3%          1    N/A
b - Summon Guardian Gole  Hex/Summ       ##......     24%         3    N/A

Dungeon Overview and Level Annotations

Branches:
Dungeon (3/15)

Altars:
Ru


Innate Abilities, Weirdness & Mutations

You do not eat or drink.
Your flesh is vulnerable to fire.
You are immune to poison.
Your flesh is cold resistant. (rC+)
You are immune to negative energy. (rN+++)
You are immune to unholy pain and torment.
You can survive without breathing.


Message History

Your quokka bites the orc wizard.
The orc wizard dies!
You start resting.
Magic restored.
You start resting.
Your quokka disappears in a puff of smoke! x2
HP restored.
Welcome back, Laan the Mummy Summoner.
Press ? for a list of commands and other information.
Things that are here:
a glowing robe; a dagger
n - a glowing robe Wear which item (? for menu, Esc to quit)
You start removing your armour.
You continue taking off your +0 robe. x4
You finish taking off your +0 robe.
You start putting on your armour.
You continue putting on your glowing robe. x5
You finish putting on your +1 robe of the Archmagi.
You feel powerful.
Are you sure you want to abandon this character and quit the game? (Confirm with "yes".)

... #...............
...# .#####.######..
..... #.# #.. #._.##
#.# ##. .....### #.#
#. #...#.#####.# #.
#...#.....[.# #.
#####'..#.##.# #.
#.#.@...#.##.# .
#.#######.##.# #.#
#.##.# #.# #.##.# #.#
#....#
#.#######.#..##
#<.)†.....#...#######
##[##...#####........
#.####...#...#######


There were no monsters in sight!

Vanquished Creatures
  An adder (D:3)
  A dart slug (D:3)
  A leopard gecko (D:1)
  A bat (D:3)
  A giant cockroach (D:3)
  A hobgoblin (D:1)
  A jackal (D:1)
  A rat (D:1)
8 creatures vanquished.

Vanquished Creatures (collateral kills)
  An orc wizard (D:3)
  3 adders (D:2)
  A dart slug (D:3)
  2 leopard geckos
  5 orcs (D:3)
  3 giant cockroaches (D:1)
  7 hobgoblins
  9 jackals
  A quokka (D:2)
  3 bats
  7 frilled lizards
  4 goblins (D:1)
  5 kobolds
  3 rats (D:1)
54 creatures vanquished.

Vanquished Creatures (others)
  A jackal (D:2)
1 creature vanquished.

Grand Total: 63 creatures vanquished

Notes
Turn   | Place    | Note
-------+----------+-------------------------------------------
     0 | D:1      | Laan the Mummy Summoner began the quest for the Orb.
     0 | D:1      | Reached XP level 1. HP: 13/13 MP: 4/4
   157 | D:1      | Reached XP level 2. HP: 6/19 MP: 1/5
  1405 | D:2      | Reached XP level 3. HP: 19/24 MP: 1/8
  1410 | D:2      | Learned a level 3 spell: Summon Guardian Golem
  2870 | D:3      | Found a sacrificial altar of Ru.
  2874 | D:3      | Reached XP level 4. HP: 20/30 MP: 10/10
  3155 | D:3      | Upgraded the game from 0.20-a0-658-g02b20f4 to 0.20-a0-673-g53087c7
  3167 | D:3      | Quit the game

Vault maps used:
D:1:      mainiacjoe_arrival_reflecting_pool
D:2:      first_bread
D:3:      nicolae_ru_great_annihilating_truth, uniq_grinder, uniq_sigmund

Skill      XL: |  1  2  3 |
---------------+----------+-----
Spellcasting   | 3 4 |  4.2
Summonings     | 4 |  4.3
Dodging        | |  1.5
Stealth        | |  1.5

Action                   |  1- 3 |  4- 6 || total
-------------------------+-------+-------++-------
Melee: Unarmed           |    86 |       ||    86
       Whip              |    11 |    11 ||    22
 Cast: Summon Small Mamm |   134 |     3 ||   137
       Summon Guardian G |     1 |       ||     1
Evoke: Wand              |     4 |       ||     4
 Stab: Distracted        |       |     1 ||     1
Armor: Robe              |    35 |     1 ||    36
Dodge: Dodged            |   137 |     5 ||   142
